 Dungeon Crawl Stone Soup version 0.22-a0-162-g33bf1272b0 (console) character file.

120 Muffindrake the Sneak (level 5, -2/40 HPs)
             Began as a Merfolk Assassin on Feb 12, 2018.
             Killed by divine providence
             ... invoked by an orc priest
              (12 damage)
             ... on level 4 of the Dungeon.
             The game lasted 00:11:02 (2998 turns).

Muffindrake the Sneak (Merfolk Assassin)            Turns: 2998, Time: 00:11:03

Health: -2/40      AC:  5    Str: 12    XL:     5   Next: 4%
Magic:  5/5        EV: 13    Int: 10    God:
Gold:   214        SH:  0    Dex: 16    Spells: 4/4 levels left

rFire    . . .     SeeInvis .   a - +2 dagger
rCold    . . .     Gourm    .   (no shield)
rNeg     . . .     Faith    .   c - +0 robe
rPois    .         Spirit   .   (no helmet)
rElec    .         Reflect  .   h - +2 cloak
rCorr    .         Harm     .   (no gloves)
MR       .....                  (no boots)
Stlth    +++.......             (no amulet)
HPRegen  0.13/turn              (no ring)
MPRegen  0.09/turn              (no ring)

@: about to teleport
A: change form in water, swift swim, stealthy swim
a: no special abilities


You were on level 4 of the Dungeon.
You were not hungry.

You visited 1 branch of the dungeon, and saw 4 of its levels.

You collected 214 gold pieces.

Inventory:

Hand Weapons
 a - a +2 dagger (weapon)
 b - a +0 blowgun
 l - a +1 vampiric short sword
 s - a +3 blowgun
 t - a +0 short sword
Missiles
 e - 17 poisoned needles
 f - 2 curare-tipped needles
 i - 2 javelins (quivered)
Armour
 c - a +0 robe (worn)
 h - a +2 cloak (worn)
Scrolls
 j - a scroll of random uselessness
 k - 3 scrolls of remove curse
 n - a scroll of teleportation
 r - a scroll of fog {unknown}
Potions
 g - a potion of cancellation
 m - 2 potions of brilliance
 p - 2 potions of haste
 q - 2 potions of lignification
Comestibles
 u - 3 rations


   Skills:
 + Level 2.8 Fighting
 * Level 4.0 Short Blades
 + Level 2.6 Throwing
 + Level 2.5 Dodging
 + Level 5.1 Stealth


You had 4 spell levels left.
You didn't know any spells.

Dungeon Overview and Level Annotations

Branches:
Dungeon (4/15)
 Temple: D:4-7

Altars:
Hepliaklqana
Uskayaw
Wu Jian


Message History

An orc and 2 orc priests come into view.
Found 3 gold pieces and a scroll of remove curse.
Found an escape hatch in the ceiling.
Found a stone staircase leading up.
There is a stone staircase leading up here.
The orc closely misses you.
The orc priest shouts!
You hit the orc priest.
The orc priest is lightly wounded.
The orc priest shouts!
The orc priest mumbles some strange prayers to Beogh against you.
Beogh smites you!
A quokka comes into view.
The orc priest calls down the wrath of Beogh upon you.
Beogh smites you!
* * * LOW HITPOINT WARNING * * *
As you read the scroll of teleportation, it crumbles to dust.
You feel strangely unstable.
The orc priest mumbles some strange prayers to Beogh against you.
Beogh smites you!
You die...

#.## . . ...# ..
.#...# ... .....#
.... #.... .....
#.#.#
......##.#.#
.....r.@o..#
......##...# ###.
......###o.#
.<...
.....$..#..#....#
..#.......<.....#
. #...<..o....#.#
#............?#
##.........#.##
..........##.#
#####.##### . ..


You could see an orc priest, an orc and a quokka.

Vanquished Creatures
  3 adders
  A worm (D:2)
  A dart slug (D:1)
  4 leopard geckos
  2 orcs (D:3)
  A ball python (D:2)
  8 bats
  4 giant cockroaches
  6 goblins
  7 hobgoblins
  11 jackals
  7 frilled lizards
  15 kobolds
  7 rats
77 creatures vanquished.

Notes
Turn   | Place    | Note
-------+----------+-------------------------------------------
     0 | D:1      | Muffindrake the Merfolk Assassin began the quest for the Orb.
     0 | D:1      | Reached XP level 1. HP: 16/16 MP: 1/1
   130 | D:1      | Reached XP level 2. HP: 22/22 MP: 2/2
   513 | D:1      | Reached XP level 3. HP: 11/28 MP: 3/3
   917 | D:2      | Found a faded altar of an unknown god.
   983 | D:2      | Reached skill level 5 in Stealth
  1005 | D:2      | Reached XP level 4. HP: 27/34 MP: 4/4
  1344 | D:2      | Found a hide-covered altar of Uskayaw.
  1358 | D:2      | Found a hazy altar of Hepliaklqana.
  2284 | D:3      | Noticed a centaur
  2508 | D:3      | Reached XP level 5. HP: 22/40 MP: 5/5
  2939 | D:3      | Found an ornate altar of the Wu Jian Council.
  2998 | D:4      | Killed from afar by an orc priest

Vault maps used:
D:1:      mrwooster_arrival_statue, minivault_19, minmay_misc_feat_diagonals
D:2:      lemuel_round_altar, lemuel_crystal_altar,
          chequers_ecumenical_altar_simple
D:3:      lemuel_coloured_pillars_altar, first_ration
D:4:      lemuel_round_altar, nicolae_overflow_crystal_walls,
          minmay_temple_entry_junction, uniq_robin

Skill      XL: |  1  2  3  4 |
---------------+-------------+-----
Short Blades   | 3 4 |  4.0
Dodging        | 2 |  2.5
Stealth        | 5 |  5.1
Fighting       | |  2.8
Throwing       | |  2.6

Action                   |  1- 3 |  4- 6 || total
-------------------------+-------+-------++-------
Melee: Dagger            |   135 |    95 ||   230
       Short sword       |       |    39 ||    39
  Use: Scroll            |     5 |     5 ||    10
 Stab: Sleeping          |    10 |     7 ||    17
       Distracted        |     1 |       ||     1
  Eat: Chunk             |       |     4 ||     4
       Ration            |       |     2 ||     2
Armor: Robe              |    28 |    45 ||    73
Dodge: Dodged            |    63 |   102 ||   165

Table legend:
 A = Spawn XP
 B = Non-spawn XP
 C = Spawn XP percentage of total XP
 D = Spawn monster count
 E = Non-spawn monster count
 F = Spawn count percentage of total count
 G = Total turns spent on level
                    A         B        C        D         E        F      G
               +---------+---------+-------+---------+---------+-------+---------
         Total |       0 |     172 |   0.0 |       0 |      77 |   0.0 |  2998
               +---------+---------+-------+---------+---------+-------+---------
           D:1 |       0 |      47 |   0.0 |       0 |      27 |   0.0 |   778
           D:2 |       0 |      71 |   0.0 |       0 |      25 |   0.0 |   871
           D:3 |       0 |      54 |   0.0 |       0 |      25 |   0.0 |  1341
               +---------+---------+-------+---------+---------+-------+---------
